 Dungeon Crawl Stone Soup version 0.31-a0-152-g6aa68a64a1 (webtiles) character file.

Game seed: 15806465064021843484

57 qw the Shooter (level 3, -2/31 HPs)
             Began as a Minotaur Hunter on June 9, 2023.
             Slain by a goblin
             ... wielding a +0 club
             ... led by Robin
              (5 damage)
             ... on level 2 of the Dungeon.
             The game lasted 00:00:31 (952 turns).

qw the Shooter (Minotaur Hunter)                     Turns: 952, Time: 00:00:31

Health: -2/31      AC:  5    Str: 15    XL:     3   Next: 73%
Magic:  2/2        EV: 11    Int:  6    God:
Gold:   34         SH:  0    Dex: 15    Spells: 2/2 levels left

rFire   . . .        Y - +0 shortbow
rCold   . . .        (shield currently unavailable)
rNeg    . . .        g - +0 ring mail
rPois   .            (helmet restricted)
rElec   .            (no cloak)
rCorr   .            (no gloves)
SInv    .            (no boots)
Will    .....        (no amulet)
Stlth   +            (no ring)
HPRegen 0.25/turn    (no ring)
MPRegen 0.08/turn

%: no passive effects
@: about to teleport
A: horns 2, retaliatory headbutt
a: no special abilities


You were on level 2 of the Dungeon.
You visited 1 branch of the dungeon, and saw 2 of its levels.

You collected 34 gold pieces.


Innate Abilities, Weirdness & Mutations

You have a pair of horns on your head.
You reflexively headbutt those who attack you in melee.


   Skills:
 - Level 3.0 Fighting
 + Level 5.5 Ranged Weapons
 - Level 1.1 Armour
 - Level 2.1 Dodging
 - Level 0.7 Stealth


You had 2 spell levels left.
You didn't know any spells.
Your spell library was empty.

Inventory:

Hand Weapons
 Y - a +0 shortbow (weapon)
Armour
 g - a +0 ring mail (worn)
Scrolls
 a - a scroll of teleportation
Potions
 d - a potion of brilliance {unknown}
 e - a potion of degeneration {unknown}
 h - a potion of haste

Dungeon Overview and Level Annotations

Branches:
Dungeon (2/15)

Altars:

Shops:
D:1 (

Annotations:
D:2 Robin


Message History

The goblin is moderately wounded.
The goblin hits you but does no damage.
The goblin shoots a sling bullet.
The sling bullet hits you.
You shoot an arrow. The arrow barely misses the goblin.
The goblin hits you but does no damage. The goblin closely misses you.
You shoot an arrow.
The arrow hits the hobgoblin but does no damage.
The goblin hits you but does no damage. The goblin closely misses you.
A goblin comes into view. It is wielding a +0 club.
Robin throws the goblin at you! The goblin hits you but does no damage.
The hobgoblin hits you.
You shoot an arrow. The arrow hits the hobgoblin.
You kill the hobgoblin!
The goblin barely misses you. You furiously retaliate!
You headbutt the goblin.
You kill the goblin!
The goblin barely misses you. The goblin hits you but does no damage.
The goblin barely misses you. x2; Robin throws the goblin at you!
You shoot an arrow. The arrow hits the goblin!
You kill the goblin!
The goblin unwields a +0 sling.
The goblin wields a +0 dagger.
The goblin barely misses you. The goblin closely misses you.
The goblin hits you with a +0 dagger. x2
You shoot an arrow. The arrow hits Robin.
Robin is moderately wounded.
The goblin hits you with a +0 club. The goblin barely misses you.
The goblin hits you but does no damage.
You shoot an arrow. The arrow closely misses Robin.
The goblin hits you with a +0 club. The goblin hits you with a +0 dagger.
The goblin misses you.
951 ||| READING 2 scrolls of teleportation.
As you read the scroll of teleportation, it crumbles to dust.
You feel strangely unstable. The goblin closely misses you.
The goblin hits you with a +0 dagger. The goblin closely misses you.
You shoot an arrow. The arrow hits Robin.
Robin is heavily wounded.
Robin misses you. The goblin hits you with a +0 club. x2
The goblin barely misses you. You furiously retaliate!
You headbutt the goblin. The goblin hits you but does no damage.
The goblin hits you with a +0 club.
You die...

###.##...#....
..........##.###
.........<##.# #
........####.# #
##....#.## #.# # ...>#.#.#
#.# # #)..#.#.# #.###
#gg.....######..##
#@g.#.#.......#.##
#gg.....%.........
#...#.#.#..##.#.##
#.......#..##.#.#
..#######.#<.......##.#)#
..........###.....###%#.##
..###)#.#######...........
#.#.####............##
#........##.#####.###


You could see Robin and 4 goblins.

Vanquished Creatures
  A worm (D:2)
  2 dart slugs (D:1)
  4 bats
  An endoplasm (D:1)
  4 giant cockroaches
  10 goblins
  2 hobgoblins
  6 jackals (D:1)
  A quokka (D:1)
  4 ball pythons (D:1)
  2 frilled lizards
  5 kobolds
  4 rats (D:1)
46 creatures vanquished.

Vanquished Creatures (others)
  A goblin (D:2)
1 creature vanquished.

Grand Total: 47 creatures vanquished

Notes
Turn   | Place    | Note
-------+----------+-------------------------------------------
     0 | D:1      | qw the Minotaur Hunter began the quest for the Orb.
     0 | D:1      | Reached XP level 1. HP: 18/18 MP: 0/0
     0 | D:1      | 0 ||| qw: Version: 0.2-a-122-gbc61b45
     0 | D:1      | 0 ||| qw: Game counter: 3289
     0 | D:1      | 0 ||| qw: Always use a shield: true
     0 | D:1      | 0 ||| qw: God list: Okawaru
     0 | D:1      | 0 ||| qw: Allow faded altars: false
     0 | D:1      | 0 ||| qw: Do Orc after D:15 true
     0 | D:1      | 0 ||| qw: Do second Lair branch before Depths: true
     0 | D:1      | 0 ||| qw: Lair rune preference: random
     0 | D:1      | 0 ||| qw: Plans: Normal
     0 | D:1      | 0 ||| PLANNING D:1-11
   100 | D:1      | Reached XP level 2. HP: 25/25 MP: 1/1
   120 | D:1      | Reached skill level 5 in Ranged Weapons
   225 | D:1      | Reached skill level 3 in Fighting
   360 | D:1      | 360 ||| FLEEEEING.
   455 | D:1      | Reached XP level 3. HP: 31/31 MP: 2/2
   499 | D:1      | Found Roishris's Antique Weapon Boutique.
   504 | D:1      | 504 ||| SHOPLISTING runed shortbow (168 gold, have 24).
   819 | D:1      | 819 ||| UPGRADING to +0 ring mail.
   829 | D:1      | 829 ||| DROPPING +0 leather armour.
   830 | D:1      | 830 ||| READING 3 scrolls labelled WATEOS BEKKOO.
   833 | D:1      | 833 ||| READING scroll labelled JAT YKESOCYE.
   834 | D:1      | 834 ||| READING scroll labelled HAIXTA DADGHI.
   835 | D:1      | 835 ||| READING scroll labelled BAMADI EJOPHI.
   836 | D:1      | 836 ||| DRINKING 2 silvery potions.
   837 | D:1      | 837 ||| DROPPING scroll of butterflies.
   890 | D:2      | Reached skill level 1 in Armour
   939 | D:2      | Noticed Robin
   950 | D:2      | HP: 7/31 [goblin/+0 dagger[Robin] (5)]
   951 | D:2      | 951 ||| READING 2 scrolls of teleportation.
   952 | D:2      | HP: 3/31 [goblin/+0 club[Robin] (3)]
   952 | D:2      | Slain by a goblin

Levels and vault maps discovered:
D:1:      dpeg_arrival_court, layout_basic, serial_shops, nicolae_shop_stone,
          minmay_misc_feat_cross, minmay_misc_feat_four_crosses
D:2:      layout_loops_ring, uniq_robin

Skill      XL: |  1  2  3 |
---------------+----------+-----
Ranged Weapons | 5 |  5.5
Fighting       | 3 |  3.0
Armour         | 1 |  1.1
Dodging        | |  2.1
Stealth        | |  0.7

Action                     || total
---------------------------++-------
   Fire: Shortbow          ||   138
    Use: Scroll            ||     5
         Potion            ||     1
 Armour: Leather armour    ||    22
         Ring mail         ||    11
  Dodge: Dodged            ||    71

Table legend:
 A = Non-vault XP
 B = Vault XP
 C = Vault XP percentage of total XP
 D = Non-vault monster count
 E = Vault monster count
 F = Vault count percentage of total count
                 A         B        C        D         E       F
            +---------+---------+-------+---------+---------+-------
      Total |      71 |      11 |  13.4 |      40 |       6 |  13.0
            +---------+---------+-------+---------+---------+-------
        D:1 |      56 |       0 |   0.0 |      32 |       0 |   0.0
        D:2 |      15 |      11 |  42.3 |       8 |       6 |  42.9
            +---------+---------+-------+---------+---------+-------
